 Dungeon Sprint DCSS version 0.22.1-5-g62c59d9 (webtiles) character file.

445 Tr0llz0r the Cleaver (level 6, -14/76 HPs)
             Began as a Demonspawn Gladiator on Jan 8, 2019.
             Was an Initiate of Okawaru.
             Demolished by Sonja
             ... wielding a +1 dagger of distortion
              (23 damage)
             ... in the Dungeon (Sprint I: "Red Sonja").
             The game lasted 00:04:30 (863 turns).

Tr0llz0r the Cleaver (Demonspawn Gladiator)          Turns: 863, Time: 00:04:31

Health: -14/76     AC:  8    Str: 21    XL:     6   Next: 72%
Magic:  6/6        EV: 15    Int:  9    God:    Okawaru [......]
Gold:   116        SH:  4    Dex: 15    Spells: 5/5 levels left

rFire    . . .     SeeInvis .   m - +0 scythe
rCold    . . .     Gourm    .   (shield currently unavailable)
rNeg     . . .     Faith    .   l - +0 ring mail
rPois    .         Spirit   .   c - +0 helmet
rElec    .         Reflect  .   (no cloak)
rCorr    .         Harm     .   n - +0 pair of gloves
MR       .....     NoTele   +   (no boots)
Stlth    ..........             (no amulet)
HPRegen  0.22/turn              (no ring)
MPRegen  0.10/turn              (no ring)

@: berserking (expiring), lethally poisoned (-14 -> -36), hasted and slowed
A: claws 1, large bone plates 1
a: Renounce Religion


You were in the Dungeon.
You worshipped Okawaru.
Okawaru was noncommittal.
You were not hungry.

You visited 1 branch You collected 297 gold pieces.
You spent 181 gold pieces at shops.

Inventory:

Hand Weapons
 a - a +0 war axe
 m - a +0 scythe (weapon)
Missiles
 d - 2 throwing nets (quivered)
Armour
 c - a +0 helmet (worn)
 g - a +1 robe of magic resistance
 l - a +0 ring mail (worn)
 n - a +0 pair of gloves (worn)
Wands
 b - a wand of flame (27)
Scrolls
 e - a scroll of fear
 k - a scroll of blinking
 o - 3 scrolls of remove curse
 p - 2 scrolls of identify
Potions
 i - 2 potions of magic
Comestibles
 f - 2 rations


   Skills:
 + Level 5.4 Fighting
 + Level 8.9(9.1) Axes
 + Level 2.6(6.2) Polearms
 + Level 3.8 Throwing
 + Level 3.3 Armour
 + Level 7.5 Dodging
 + Level 0.2 Stealth


You had 5 spell levels left.
You didn't know any spells.
Your spell library was empty.

Dungeon Overview and Level Annotations

Branches:
Dungeon (1/1)

Altars:
Cheibriados
Dithmenos
Elyvilon
Fedhas
Gozag
Hepliaklqana
Kikubaaqudgha
Nemelex Xobeh
Okawaru
Qazlal
Ru
Sif Muna
Trog
Uskayaw
Vehumet
Wu Jian
Yredelemnul
Zin
The Shining One

Shops:
D ?

Annotations:
D Sonja


Innate Abilities, Weirdness & Mutations

You have sharp fingernails.
You are partially covered in large bone plates. (SH +4)


Message History

Its appearance distorts for a moment.
Sonja closely misses you. Sonja hits you but does no damage.
You feel a strange sense of stasis. Sonja barely misses you.
Sonja completely misses you.
Sonja hits you with an uncursed dagger of distortion.
You block Sonja's attack.
You slash Sonja!
Sonja is moderately wounded.
* * * LOW HITPOINT WARNING * * *
You feel very sick. Sonja misses you.
Sonja hits you with an uncursed dagger of distortion.
* * * LOW HITPOINT WARNING * * *
Space bends around you.
* * * LOW HITPOINT WARNING * * *
Sonja hits you but does no damage. Space bends around you.
* * * LOW HITPOINT WARNING * * *
Sonja hits you with an uncursed dagger of distortion.
* * * LOW HITPOINT WARNING * * *
Space warps horribly around you!
You die...

#..'[.#..'÷.#..+
#..#####'#####'# #
#..####..#...#.####§§
#..#__####..##§#§§≈§c
#..#_____##'#§.'§≈§§§
#⌠⌠#_.∩...÷...§#≈§≈.c#
####_..__##_(#'# +####
#_____###K#.#
#########@###


+$($+ #$($# ##.## #+# You could see Sonja.

Vanquished Creatures
  Sigmund (D)
  A yak (D)
  An ogre (D)
  A jelly (D)
  Ijyb (D)
5 creatures vanquished.

Notes
Turn   | Place    | Note
-------+----------+-------------------------------------------
     0 | D        | Tr0llz0r the Demonspawn Gladiator began the quest for the
                  | Orb.
     0 | D        | Reached XP level 1. HP: 16/16 MP: 1/1
     2 | D        | Noticed Ijyb
    22 | D        | Killed Ijyb
    22 | D        | Reached skill level 4 in Axes
    22 | D        | Reached skill level 1 in Armour
    22 | D        | Gained mutation: You are partially covered in large bone
                  | plates. (SH +4) [demonic ancestry]
    22 | D        | Reached XP level 2. HP: 12/23 MP: 2/2
   178 | D        | Noticed an ogre
   183 | D        | Killed an ogre
   183 | D        | Reached skill level 6 in Axes
   183 | D        | Reached skill level 5 in Dodging
   183 | D        | Reached XP level 3. HP: 29/29 MP: 3/3
   183 | D        | Reached XP level 4. HP: 36/36 MP: 4/4
   196 | D        | Noticed Sigmund
   214 | D        | Killed Sigmund
   214 | D        | Reached skill level 7 in Axes
   214 | D        | Gained mutation: You have sharp fingernails. [demonic
                  | ancestry]
   214 | D        | Reached XP level 5. HP: 12/43 MP: 5/5
   445 | D        | Found an ornate altar of the Wu Jian Council.
   445 | D        | Found a deep blue altar of Sif Muna.
   447 | D        | Found a radiant altar of Vehumet.
   451 | D        | Reached skill level 8 in Axes
   451 | D        | Reached XP level 6. HP: 37/50 MP: 6/6
   479 | D        | Found Noubaeg's Magic Scroll Emporium.
   479 | D        | Found an ancient bone altar of Kikubaaqudgha.
   479 | D        | Found a hazy altar of Hepliaklqana.
   479 | D        | Found a stormy altar of Qazlal.
   479 | D        | Found a hide-covered altar of Uskayaw.
   479 | D        | Found a blossoming altar of Fedhas.
   479 | D        | Found a bloodstained altar of Trog.
   479 | D        | Found an iron altar of Okawaru.
   479 | D        | Found a basalt altar of Yredelemnul.
   479 | D        | Found a glowing golden altar of the Shining One.
   479 | D        | Found a snail-covered altar of Cheibriados.
   479 | D        | Found a sacrificial altar of Ru.
   479 | D        | Found a glowing silver altar of Zin.
   479 | D        | Found a shadowy altar of Dithmenos.
   479 | D        | Found a white marble altar of Elyvilon.
   479 | D        | Noticed a yak
   489 | D        | Killed a yak
   489 | D        | Reached skill level 5 in Fighting
   490 | D        | Found an opulent altar of Gozag.
   491 | D        | Found a sparkling altar of Nemelex Xobeh.
   499 | D        | Became a worshipper of Warmaster Okawaru
   821 | D        | Noticed a centaur warrior
   822 | D        | Noticed a centaur warrior
   842 | D        | Bought a scroll of fear for 38 gold pieces
   842 | D        | Bought a scroll of remove curse for 33 gold pieces
   842 | D        | Bought a scroll of identify for 22 gold pieces
   842 | D        | Bought a scroll of remove curse for 33 gold pieces
   842 | D        | Bought a scroll of identify for 22 gold pieces
   842 | D        | Bought a scroll of remove curse for 33 gold pieces
   851 | D        | Noticed Sonja
   863 | D        | Demolished by Sonja

Skill      XL: |  1  2  3  4  5  6 |
---------------+-------------------+-----
Axes           | 4 6 7 8 |  8.9
Throwing       | 2 3 |  3.8
Armour         | 1 2 3 |  3.3
Dodging        | 4 5 6 7 |  7.5
Fighting       | 3 4 5 |  5.4
Polearms       | 2 |  2.6
Stealth        | |  0.2

Action                   |  1- 3 |  4- 6 || total
-------------------------+-------+-------++-------
Melee: War axe           |    23 |     8 ||    31
       Scythe            |       |    14 ||    14
Throw: Throwing net      |       |     2 ||     2
  Use: Potion            |       |     4 ||     4
       Scroll            |       |     1 ||     1
Armor: Leather armour    |     2 |       ||     2
       Ring mail         |       |     4 ||     4
Dodge: Dodged            |    16 |    15 ||    31
Block: Other             |       |     4 ||     4
